 Dungeon Crawl Stone Soup version 0.25-a0-458-g6fc7858b95 (webtiles) character file.

Game seed: 17526974834833494317, levelgen mode: deterministic

338 Error4North the Chopper (level 6, 0/79 HPs)
             Began as a Hill Orc Fighter on Feb 2, 2020.
             Was an Initiate of Okawaru.
             Slain by a centaur skeleton (2 damage)
             ... on level 4 of the Dungeon.
             The game lasted 00:08:46 (2634 turns).

Error4North the Chopper (Hill Orc Fighter)          Turns: 2634, Time: 00:08:47

Health: 0/79       AC:  8    Str: 26    XL:     6   Next: 55%
Magic:  6/6        EV:  8    Int:  8    God:    Okawaru [......]
Gold:   141        SH: 10    Dex: 10    Spells: 5/5 levels left

rFire    + . .     SeeInvis .   a - +0 war axe
rCold    . . .     Gourm    .   c - +0 shield
rNeg     . . .     Faith    .   b - +0 scale mail
rPois    .         Spirit   .   (no helmet)
rElec    .         Reflect  .   (no cloak)
rCorr    .         Harm     .   (no gloves)
MR       .....                  g - +0 pair of boots
Stlth    ..........             (no amulet)
HPRegen  0.23/turn              j - ring of protection from fire
MPRegen  0.10/turn              (no ring)

@: berserking (expiring), lethally poisoned (0 -> -1), very quick
A: no striking features
a: Renounce Religion


You were on level 4 of the Dungeon.
You worshipped Okawaru.
Okawaru was noncommittal.
You were not hungry.

You visited 1 branch of the dungeon, and saw 4 of its levels.

You collected 141 gold pieces.

Inventory:

Hand Weapons
 a - a +0 war axe (weapon)
Missiles
 o - 4 javelins (quivered)
Armour
 b - a +0 scale mail (worn)
 c - a +0 shield (worn)
 g - a +0 pair of boots (worn)
Jewellery
 j - a ring of protection from fire (left hand)
Wands
 p - a wand of acid (9)
Scrolls
 i - 3 scrolls of identify {unknown}
 l - a scroll of remove curse {unknown}
 m - a scroll of fog {unknown}
 n - a scroll of magic mapping {unknown}
 q - 3 scrolls of fear {unknown}
 t - a scroll of enchant armour {unknown}
Potions
 d - 3 potions of might
 h - 3 potions of curing {unknown}
 k - a potion of agility {unknown}
 r - a potion of lignification {unknown}
 s - a potion of flight {unknown}
Comestibles
 f - 5 rations


   Skills:
 + Level 4.3 Fighting
 + Level 6.5 Axes
 * Level 4.4 Armour
 + Level 0.9 Dodging
 * Level 4.3 Shields


You had 5 spell levels left.
You didn't know any spells.
Your spell library was empty.

Dungeon Overview and Level Annotations

Branches:
Dungeon (4/15)
 Temple: D:4-7

Altars:
Okawaru


Message History

You are too berserk!
You closely miss the worker ant.
The worker ant is heavily wounded.
You block the worker ant's attack.
Your shield prevents you from hitting the worker ant.
The worker ant is heavily wounded.
You feel sick. The worker ant misses you.
You closely miss the worker ant.
The worker ant is heavily wounded.
The worker ant bites you but does no damage.
Your shield prevents you from hitting the worker ant.
The worker ant is heavily wounded.
You block the worker ant's attack.
You slash the worker ant!
You kill the worker ant!
Okawaru accepts your kill.
You slash the centaur skeleton!
The centaur skeleton is moderately damaged.
You feel sick. The centaur skeleton hits you.
You die...

.... ...a...# ###
#..$##......#
....##...##......#
.................#.
...................
..........##......#.
....(.....##Z.......
.........@Zc....#
#..##...##Z..#.#
.####..##...##.....#
.............#.#......
...........#.....##.#
.............###.# .
.###......#.# ..
##..###<รท......# .#.
.............+....


You could see a centaur, an adder skeleton and 2 centaur skeletons.

Vanquished Creatures
  2 howler monkeys (D:4)
  A hound (D:4)
  Jessica (D:3)
  2 orc wizards (D:3)
  A worker ant (D:4)
  4 adders
  5 worms
  2 dart slugs (D:1)
  12 orcs
  2 ball pythons (D:3)
  2 giant cockroaches
  4 goblins
  4 hobgoblins
  4 jackals (D:1)
  5 bats
  4 frilled lizards
  A jackal skeleton (D:4)
  14 kobolds
  A leopard gecko skeleton (D:4)
  5 rats
76 creatures vanquished.

Notes
Turn   | Place    | Note
-------+----------+-------------------------------------------
     0 | D:1      | Error4North the Hill Orc Fighter began the quest for the
                  | Orb.
     0 | D:1      | Reached XP level 1. HP: 19/19 MP: 1/1
   259 | D:1      | Reached XP level 2. HP: 27/27 MP: 2/2
   303 | D:1      | Found an iron altar of Okawaru.
   311 | D:1      | Became a worshipper of Warmaster Okawaru
   386 | D:1      | Reached skill level 3 in Axes
   728 | D:2      | Reached XP level 3. HP: 30/33 MP: 3/3
  1463 | D:3      | Reached skill level 4 in Axes
  1525 | D:3      | Reached XP level 4. HP: 38/40 MP: 4/4
  1650 | D:3      | Noticed Jessica
  1669 | D:3      | Killed Jessica
  1669 | D:3      | Reached XP level 5. HP: 12/46 MP: 5/5
  1916 | D:3      | Reached skill level 5 in Axes
  2471 | D:4      | Reached XP level 6. HP: 49/52 MP: 6/6
  2620 | D:4      | Reached skill level 6 in Axes
  2628 | D:4      | HP: 3/79 [poisoned by a worker ant]
  2634 | D:4      | HP: 2/79 [poisoned by a worker ant]
  2634 | D:4      | Slain by a centaur skeleton

Levels and vault maps discovered:
D:1:      wander_arrival_desolate, layout_basic, okawaru_ov_weapons_minmay
D:2:      layout_basic
D:3:      layout_loops_ring, first_ration, uniq_jessica
D:4:      layout_gridville, minmay_fractal_squares_5

Skill      XL: |  1  2  3  4  5  6 |
---------------+-------------------+-----
Axes           | 3 4 5 6 |  6.5
Fighting       | 4 |  4.3
Armour         | 4 |  4.4
Shields        | 4 |  4.3
Dodging        | |  0.9

Action                   |  1- 3 |  4- 6 || total
-------------------------+-------+-------++-------
Melee: War axe           |   113 |   136 ||   249
Throw: Javelin           |       |     3 ||     3
  Use: Potion            |       |     1 ||     1
  Eat: Chunk             |     2 |     4 ||     6
Armor: Scale mail        |    57 |    56 ||   113
Dodge: Dodged            |    40 |    41 ||    81
Block: Shield            |    80 |    74 ||   154

Table legend:
 A = Non-vault XP
 B = Vault XP
 C = Vault XP percentage of total XP
 D = Non-vault monster count
 E = Vault monster count
 F = Vault count percentage of total count
                 A         B        C        D         E       F
            +---------+---------+-------+---------+---------+-------
      Total |     395 |      89 |  18.4 |      73 |       3 |   3.9
            +---------+---------+-------+---------+---------+-------
        D:1 |      31 |       0 |   0.0 |      16 |       0 |   0.0
        D:2 |      36 |       0 |   0.0 |      17 |       0 |   0.0
        D:3 |     168 |      37 |  18.0 |      33 |       1 |   2.9
        D:4 |     160 |      52 |  24.5 |       7 |       2 |  22.2
            +---------+---------+-------+---------+---------+-------
